 Dungeon Crawl Stone Soup version 0.31-a0-931-g7b59d4eb97 (webtiles) character file.

Game seed: 17582517326308382098

6171 IdlyInterested the Covert (level 10, -5/74 HPs)
             Began as a Demonspawn Brigand on Oct 19, 2023.
             Killed by divine providence
             ... invoked by an orc priest
              (11 damage)
             ... on level 9 of the Dungeon.
             The game lasted 00:37:08 (9442 turns).

IdlyInterested the Covert (Demonspawn Brigand)      Turns: 9442, Time: 00:37:09

Health: -5/74      AC:  7    Str: 11    XL:     10   Next: 60%
Magic:  0/13       EV: 18    Int: 16    God:
Gold:   469        SH:  0    Dex: 20    Spells: 13/13 levels left

rFire   + . .        t - +2 falchion (elec)
rCold   + + .        (no shield)
rNeg    + . .        H - +1 ring mail "Betu" {-Tele rN+ rCorr Dex+4}
rPois   +            (helmet restricted)
rElec   .            l - scarf {repulsion}
rCorr   +            R - +0 pair of gloves
SInv    .            (no boots)
Will    ++...        y - amulet "Bamutiv" {RegenMP rPois rF+ rC++ Will+}
Stlth   +++++        h - +5 ring of evasion
HPRegen 0.32/turn    j - ring of willpower
MPRegen 0.66/turn

%: no teleportation, repel missiles, guardian spirit
@: no status effects
A: horns 1, icemail 1, magic shield, magic regeneration, condensation shield
a: no special abilities


You were on level 9 of the Dungeon.
You visited 2 branches of the dungeon, and saw 10 of its levels.

You collected 469 gold pieces.

Inventory:

Hand Weapons
 a - a +2 spectral dagger
 f - a +0 short sword
 t - a +2 falchion of electrocution (weapon)
Missiles
 d - 30 poisoned darts (quivered)
 e - 8 curare-tipped darts
 k - 32 stones
 M - 6 silver javelins
Armour
 b - a +0 robe
 l - a scarf of repulsion (worn)
 H - the +1 ring mail "Betu" (worn) {-Tele rN+ rCorr Dex+4}
   (You found it on level 5 of the Dungeon)

   Dex+4:     It affects your dexterity (+4).
   rN+:       It protects you from negative energy.
   -Tele:     It prevents most forms of teleportation.
   rCorr:     It protects you from acid and corrosion.
 I - an orb of energy
 L - a scarf of invisibility
 R - a +0 pair of gloves (worn)
Magical Staves
 J - a staff of earth
Jewellery
 h - a +5 ring of evasion (left hand)
 j - a ring of willpower (right hand)
 s - a ring of resist corrosion
 y - the amulet "Bamutiv" (around neck) {RegenMP rPois rF+ rC++ Will+}
   (You found it on level 3 of the Dungeon)

   [amulet of magic regeneration]

   RegenMP:   It increases your rate of magic regeneration.
   rF+:       It protects you from fire.
   rC++:      It greatly protects you from cold.
   rPois:     It protects you from poison Will+: It increases your willpower.
Wands
 c - a wand of roots (16)
 C - a wand of polymorph (11)
 G - a wand of flame (25)
 K - a wand of mindburst (12)
 O - a wand of digging (3)
 P - a wand of charming (4)
Scrolls
 g - a scroll of blinking
 i - a scroll of brand weapon
 m - 2 scrolls of immolation
 n - 2 scrolls of enchant armour
 p - a scroll of torment
 v - a scroll of butterflies
 w - 6 scrolls of teleportation
 x - 3 scrolls of noise
 D - a scroll of revelation {unknown}
 E - a scroll of poison
 F - a scroll of fear
 N - a scroll of enchant weapon
 Q - a scroll of acquirement {unknown}
 S - 2 scrolls of vulnerability
Potions
 o - a potion of lignification
 q - 2 potions of berserk rage
 r - 2 potions of heal wounds
 u - 3 potions of attraction
 z - a potion of brilliance
 A - a potion of mutation
 B - a potion of curing
 T - a potion of cancellation {unknown}


   Skills:
 - Level 5.0 Fighting
 - Level 5.0 Short Blades
 - Level 2.0 Throwing
 - Level 2.0 Armour
 - Level 5.0 Dodging
 + Level 11.7 Stealth
 - Level 2.1 Spellcasting
 * Level 4.5 Invocations
 - Level 2.0 Evocations
 - Level 4.0 Shapeshifting


You had 13 spell levels left.
You didn't know any spells.
Your spell library contained the following spells:

 Spells                   Type           Power      Damage    Failure   Level
 Apportation              Tloc           2%         N/A       43%         1
 Jinxbite                 Hex            2%         N/A       58%         2
 Sublimation of Blood     Necr           1%         N/A       58%         2
 Wereblood                Tmut           1%         N/A       58%         2
 Gell's Gravitas          Tloc           1%         N/A       82%         3
 Teleport Other           Tloc           1%         N/A       82%         3
 Alistair's Intoxication  Tmut/Pois      0%         N/A       100%        5
 Dispersal                Tloc           0%         N/A       100%        6
 Summon Hydra             Summ           0%         N/A       100%        7


Dungeon Overview and Level Annotations

Branches:
Dungeon (9/15)             Temple (1/1) D:7
   Lair: D:8-11         Orc: D:9-12

Altars:
Ashenzari
Cheibriados
Fedhas
Gozag
Hepliaklqana
Kikubaaqudgha
Makhleb
Nemelex Xobeh
Okawaru
Qazlal
Ru
Sif Muna
Trog
Uskayaw
Vehumet
Wu Jian
Xom
Yredelemnul
Lugonu

Shops:
D:8 (   D:9 [


Innate Abilities, Weirdness & Mutations

You have a pair of small horns on your head.
A meltable icy envelope protects you from harm. (AC +0)
When hurt, damage is shared between your health and your magic reserves.
You regenerate magic rapidly.
A meltable shield of frost defends you. (SH +0)


Message History

The orc priest looks braver for a moment.
Aiming: Fastroot
Press: ? - help, Shift-Dir - straight line, f - orc
Aim: an orc, wielding a +0 hand axe The roots erupt in riotous growth!
Roots grab something.
Roots grab the orc warrior.
Roots grab the orc. x2
The grasping roots constrict the orc warrior.
The grasping roots constrict the orc.
The grasping roots constrict something.
The grasping roots constrict the orc.
You hear a howl! x2
Something hits you but does no damage.
Deactivating autopickup; reactivate with Ctrl-A.
The orc priest mumbles some strange prayers to Beogh against you.
Beogh smites you!
* * * LOW HITPOINT WARNING * * *
You barely miss something. You headbutt something.
The grasping roots constrict the orc warrior.
The grasping roots constrict the orc!
You kill the orc!
The grasping roots constrict something.
Reactivating autopickup.
You feel a bit more experienced.
The grasping roots constrict the orc!
You kill the orc!
The roots release their grip on the orc warrior.
The orc priest calls down the wrath of Beogh upon you.
Beogh smites you!
* * * LOW HITPOINT WARNING * * *
You hit the orc warrior but do no damage.
The orc warrior is moderately wounded.
The orc warrior hits you with a +0 flail.
* * * LOW HITPOINT WARNING * * *
You feel better.
The orc priest mumbles some strange prayers to Beogh against you.
Beogh smites you!
* * * LOW HITPOINT WARNING * * *
The orc warrior hits you with a +0 flail.
* * * LOW HITPOINT WARNING * * *
The orc priest invokes the aid of Beogh against you.
Beogh smites you!
You die...

.......... #...##.##..
#....... #....#.#... #......#
##.#.....#. ..#....o.#####
###.##...##.
#......o.....#####......_....
##................>#.##...##.
##........ooo.......#.....#.
##..######o#####.#...#.#...
#..# #@### #....##.##..
###..# ##...###.#........#
#....### #......#<..........
#......# #.##.#.#.###.##....
#....#.###.##...#..##.##.###
#....<.....####.....#.##.#
#.....###### #.#...#....#
#.....# #.....########
#.....# ####..# #....


You could see an orc warrior, 2 orc priests and an orc.

Vanquished Creatures
  A two-headed ogre (D:8)
  A cyclops (D:6)
  Joseph (D:8)
  Jeremiah (D:7)
  Maggie (D:8)
  A hornet (D:8)
  Sigmund (D:5)
  5 yaks
  2 wyverns
  A vampire (D:6)
  A steam dragon (D:9)
  An acid dragon (D:8)
  An orc warrior (D:8)
  3 black bears
  An ogre (D:5)
  3 ice beasts
  2 centaurs
  Blork the orc (D:6)
  A kobold brigand (D:7)
  4 bullfrogs
  4 wights (D:8)
  A howler monkey (D:8)
  3 killer bees (D:8)
  3 orc priests
  4 jellies
  A gnoll bouda (D:6)
  A hound (D:5)
  2 sleepcaps
  Crazy Yiuf (D:6)
  3 iguanas
  7 orc wizards
  13 gnolls
  7 adders
  A white imp (D:5)
  A worm (D:4)
  5 dart slugs
  20 orcs
  7 bats
  5 endoplasms
  6 giant cockroaches
  8 goblins
  7 hobgoblins
  9 kobolds
  6 quokkas
  9 ball pythons
  2 frilled lizards
  8 rats
177 creatures vanquished.

Vanquished Creatures (others)
  A spectral weapon (D:8)
1 creature vanquished.

Grand Total: 178 creatures vanquished

Notes
Turn   | Place    | Note
-------+----------+-------------------------------------------
     0 | D:1      | IdlyInterested the Demonspawn Brigand began the quest for
                  | the Orb.
     0 | D:1      | Reached XP level 1. HP: 16/16 MP: 1/1
    14 | D:1      | Reached skill level 1 in Dodging
    88 | D:1      | Gained mutation: A meltable shield of frost defends you.
                  | (SH +0) [demonic ancestry]
    88 | D:1      | Reached XP level 2. HP: 20/22 MP: 2/2
   365 | D:1      | Reached skill level 4 in Stealth
   440 | D:1      | Reached XP level 3. HP: 24/27 MP: 3/3
   925 | D:2      | Reached skill level 1 in Evocations
  1051 | D:2      | Found a faded altar of an unknown god.
  1425 | D:3      | Identified the amulet "Bamutiv" {RegenMP rPois rF+ rC++
                  | Will+}
  1468 | D:3      | Gained mutation: A meltable icy envelope protects you from
                  | harm. (AC +0) [demonic ancestry]
  1468 | D:3      | Reached XP level 4. HP: 33/33 MP: 4/4
  1479 | D:3      | Found an opulent altar of Gozag.
  1679 | D:3      | Found a hazy altar of Hepliaklqana.
  1913 | D:3      | Noticed an Executioner
  1914 | D:3      | Found a burning altar of Makhleb.
  1918 | D:3      | Noticed an angel
  2166 | D:4      | Reached skill level 1 in Armour
  2166 | D:4      | Reached XP level 5. HP: 36/38 MP: 5/5
  2388 | D:4      | Noticed a black bear
  2403 | D:4      | Killed a black bear
  2404 | D:4      | Reached skill level 5 in Stealth
  2566 | D:4      | Reached XP level 6. HP: 32/46 MP: 6/6
  3239 | D:5      | Entered Level 5 of the Dungeon
  3372 | D:5      | Reached skill level 6 in Stealth
  3519 | D:5      | Noticed Sigmund
  3531 | D:5      | Killed Sigmund
  3532 | D:5      | Discovered your monstrous ancestry.
  3532 | D:5      | Gained mutation: You have a pair of small horns on your
                  | head. [demonic ancestry]
  3532 | D:5      | Reached XP level 7. HP: 52/52 MP: 7/7
  3591 | D:5      | Identified the +1 ring mail "Betu" {-Tele rN+ rCorr Dex+4}
  3657 | D:5      | Found a broken altar of Ashenzari.
  3844 | D:5      | Found a snail-covered altar of Cheibriados.
  4194 | D:6      | Reached skill level 7 in Stealth
  4247 | D:6      | Found a sacrificial altar of Ru.
  4274 | D:6      | Noticed Blork the orc
  4281 | D:6      | Killed Blork the orc
  4282 | D:6      | Reached skill level 1 in Shapeshifting
  4608 | D:6      | Noticed a cyclops
  4611 | D:6      | Noticed a yak
  4624 | D:6      | Killed a cyclops
  4625 | D:6      | Reached skill level 8 in Stealth
  4625 | D:6      | Gained mutation: You regenerate magic rapidly. [demonic
                  | ancestry]
  4625 | D:6      | Reached XP level 8. HP: 51/58 MP: 8/8
  5132 | D:6      | Found a runed translucent door.
  5133 | D:6      | Noticed Crazy Yiuf
  5141 | D:6      | Killed Crazy Yiuf
  5142 | D:6      | Reached skill level 9 in Stealth
  5364 | D:7      | Found a stormy altar of Qazlal.
  5377 | D:7      | Reached XP level 9. HP: 64/64 MP: 9/9
  5500 | D:7      | Found an ancient bone altar of Kikubaaqudgha.
  5511 | D:7      | Found a blossoming altar of Fedhas.
  5534 | D:7      | Noticed Jeremiah
  5542 | D:7      | Killed Jeremiah
  5585 | D:7      | Found a staircase to the Ecumenical Temple.
  5599 | Temple   | Entered the Ecumenical Temple
  5872 | D:7      | Reached skill level 10 in Stealth
  5883 | D:7      | Reached skill level 1 in Spellcasting
  6511 | D:8      | Reached skill level 1 in Invocations
  6663 | D:8      | Found an iron altar of Okawaru.
  6917 | D:8      | HP: 3/65 [wyvern (1)]
  7144 | D:8      | Gained mutation: When hurt, damage is shared between your
                  | health and your magic reserves. [demonic ancestry]
  7144 | D:8      | Reached XP level 10. HP: 66/70 MP: 13/13
  7434 | D:8      | Reached skill level 5 in Short Blades
  7886 | D:8      | Found Guxoopoa's Antique Weapon Emporium.
  7893 | D:8      | Noticed Joseph
  7913 | D:8      | Killed Joseph
  8134 | D:8      | Reached skill level 11 in Stealth
  8311 | D:8      | Noticed a two-headed ogre
  8326 | D:8      | Killed a two-headed ogre
  8327 | D:8      | Reached skill level 5 in Dodging
  8506 | D:8      | Noticed Maggie
  8528 | D:8      | Killed Maggie
  9065 | D:9      | Found a basalt altar of Yredelemnul.
  9081 | D:9      | Found Kaurr's Armour Emporium.
  9416 | D:9      | Reached skill level 5 in Fighting
  9442 | D:9      | Killed from afar by an orc priest

Illustrated notes

Levels and vault maps discovered:
D:1:      saegor_arrival_miasma, layout_rooms, solitary_fountain,
          grunt_decor_junction, nrook_mini_vaults, interstate_on_off
D:2:      layout_rooms, hellmonk_ecumenical_altar_pennies_from_heaven,
          minivault_27, minivault_26
D:3:      layout_rooms, grunt_temple_overflow_order_and_chaos_2,
          nzn_hepliaklqana_mist_gate, general_overflow_altar, serial_glass,
          glass_columns_a, glass_columns_a, minmay_misc_feat_four_crosses,
          hangedman_abyss_or_decor_stabs, fountainhead,
          chequers_serial_rivers_small_3, st_stairs_4
D:4:      layout_layer_cave
D:5:      layout_cave_pools, mainiacjoe_overflow_alcove_4,
          mainiacjoe_overflow_surrounded_room, serial_column_ruins,
          column_ruins_corridor_straight, column_ruins_grid_3,
          column_ruins_open_tiny_water, column_ruins_corridor_corner,
          wad_floor_pattern_2, uniq_sigmund
D:6:      minmay_cornered_nines, layout_loops_ring, lemuel_tele_altar,
          minmay_misc_feat_tower, minmay_holes, uniq_crazy_yiuf_cottage,
          uniq_blork_the_orc
D:7:      layout_basic, grunt_temple_overflow_growth_and_decay,
          lemuel_crystal_altar, temple_statues, uniq_jeremiah
D:8:      layout_layer_cave, nicolae_overflow_hidden_temple, serial_shops, shop,
          st_stairs_12, uniq_maggie, uniq_joseph
D:9:      minmay_goldmine, layout_basic, grunt_dithmenos_smoke,
          mainiacjoe_overflow_small_starburst, erik_lair_orcish_takeover,
          serial_shops, nicolae_shop_waterfront, uniq_grum
Temple:   corrupted_temple

Skill      XL: |  1  2  3  4  5  6  7  8  9 10 |
---------------+-------------------------------+-----
Dodging        | 1 2 3 4 5 |  5.0
Stealth        | 4 5 6 8 9 10 11 | 11.7
Short Blades   | 2 3 4 5 |  5.0
Throwing       | 2 |  2.0
Evocations     | 1 2 |  2.0
Armour         | 1 2 |  2.0
Fighting       | 3 4 5 |  5.0
Shapeshifting  | 3 4 |  4.0
Spellcasting   | 2 |  2.1
Invocations    | 4 |  4.5

Action                     |  1- 3 |  4- 6 |  7- 9 | 10-12 || total
---------------------------+-------+-------+-------+-------++-------
  Melee: Dagger            |   153 |       |    52 |       ||   205
         Falchion          |    26 |   135 |   216 |   118 ||   495
         Punch             |     1 |     1 |     4 |     1 ||     7
         Headbutt          |       |       |    50 |    35 ||    85
  Throw: Stone             |     4 |     6 |     3 |     3 ||    16
         Dart              |       |     8 |    19 |    13 ||    40
  Evoke: Wand              |       |       |       |     2 ||     2
    Use: Scroll            |     2 |     5 |     7 |     5 ||    19
         Potion            |     1 |     3 |     3 |     1 ||     8
   Stab: Sleeping          |     5 |       |     8 |     3 ||    16
         Distracted        |       |       |     2 |       ||     2
 Armour: Robe              |    13 |       |       |       ||    13
         Scale mail        |    48 |    81 |     1 |       ||   130
         Ring mail         |       |       |   110 |    59 ||   169
  Dodge: Dodged            |   114 |   125 |   145 |    80 ||   464
         Repelled          |       |       |       |     1 ||     1
  Block: Other             |    33 |    20 |    37 |    14 ||   104

Table legend: (Time is in decaauts)
 A = Elapsed time spent in this place.
 B = Non-inter-level travel time spent in this place.
 C = Inter-level travel time spent in this place.
 D = Time resting spent in this place.
 E = Time spent auto-exploring this place.
 F = Levels seen in this place.
 G = Mean time per level.
                   A        B        C        D        E       F      G
               +--------+--------+--------+--------+--------+-----+--------+
         Total |   9544 |   8562 |    982 |   1355 |   4866 |  10 |  954.4 |
       Dungeon |   9517 |   8535 |    982 |   1355 |   4866 |   9 | 1057.4 |
        Temple |     27 |     27 |      0 |      0 |      0 |   1 |   27.0 |
               +--------+--------+--------+--------+--------+-----+--------+

Top non-repeatable levels by time:
     D:8: 2379 daAuts
     D:4: 1420 daAuts
     D:7: 1287 daAuts
     D:6: 1222 daAuts
     D:5: 897 daAuts
     D:1: 790 daAuts
     D:3: 633 daAuts
     D:2: 606 daAuts
     D:9: 278 daAuts
  Temple: 27 daAuts
